 Dungeon Crawl Stone Soup version 0.23-a0-38-g6d804a8 (webtiles) character file.

43 mopl the Insei (level 3, -5/26 HPs)
             Began as a Barachi Transmuter on Aug 6, 2018.
             Slain by a gnoll
             ... wielding a +0 flail
              (13 damage)
             ... on level 2 of the Dungeon.
             The game lasted 00:03:06 (1197 turns).

mopl the Insei (Barachi Transmuter)                 Turns: 1197, Time: 00:03:07

Health: -5/26      AC:  2    Str: 11    XL:     3   Next: 58%
Magic:  0/6        EV: 20    Int: 14    God:
Gold:   84         SH:  0    Dex: 17    Spells: 1/7 levels left

rFire    . . .     SeeInvis .     - Unarmed
rCold    . . .     Gourm    .   (shield currently unavailable)
rNeg     . . .     Faith    .   (armour currently unavailable)
rPois    x         Spirit   .   (helmet currently unavailable)
rElec    .         Reflect  .   (cloak currently unavailable)
rCorr    .         Harm     .   (gloves currently unavailable)
MR       .....                  (boots currently unavailable)
Stlth    ++........             (no amulet)
HPRegen  0.08/turn              (no ring)
MPRegen  0.10/turn              (no ring)

@: spider-form, very slightly contaminated
A: tiny, +LOS, swims
a: End Transformation


You were on level 2 of the Dungeon.
You were not hungry.
You were a venomous arachnid creature.
You visited 1 branch of the dungeon, and saw 2 of its levels.

You collected 84 gold pieces.

Inventory:

Missiles
 a - 12 arrows
Armour
 j - a +0 robe of fire resistance (melded)
Scrolls
 b - a scroll of magic mapping {unknown}
 c - a scroll of random uselessness {unknown}
 h - a scroll of fear {unknown}
 o - 2 scrolls of remove curse {unknown}
Potions
 e - a potion of haste
 f - a potion of heal wounds
 i - a potion of flight
 k - a potion of invisibility {unknown}
 l - 2 potions of agility {unknown}
 m - a potion of curing {unknown}
Comestibles
 d - 5 rations


   Skills:
 - Level 1.2 Fighting
 - Level 2.1 Dodging
 * Level 4.2 Unarmed Combat
 + Level 2.6 Spellcasting
 + Level 2.7 Transmutations
 + Level 0.5 Poison Magic


You had one spell level left.
You knew the following spells:

 Your Spells              Type           Power        Failure   Level  Hunger
a - Beastly Appendage     Tmut           #.....       19%         1    #......
b - Spider Form           Tmut/Pois      #.........   56%         3    ###....
w - Sticks to Snakes      Tmut           #.......     26%         2    ###....

Your spell library contained the following spells:

 Spells                   Type           Power        Failure   Level  Hunger
 Blade Hands              Tmut           #.........   97%         5    ######.
 Ice Form                 Ice/Tmut       #.......     90%         4    #####..


Dungeon Overview and Level Annotations

Branches:
Dungeon (2/15)

Altars:


Innate Abilities, Weirdness & Mutations

Shadows flee at your approach. (+LOS)
You can swim through water.
((You cover ground slowly.))
((You can hop short distances.))


Message History

Found a stone staircase leading down.
Casting: Spider Form (safe; 34% risk of failure)
Confirm with . or Enter, or press ? or * to list all spells.
You miscast Spider Form.
You are very lightly contaminated with residual magic.
Strange energies run through your body.
Things that are here:
a short sword; a kobold corpse The gnoll hits you with a flail!
The gnoll closely misses you. The gnoll hits you with a flail!
Casting: Spider Form (safe; 34% risk of failure)
Confirm with . or Enter, or press ? or * to list all spells.
You turn into a venomous arachnid creature.
Your +0 robe of fire resistance melds into your body.
You feel less resistant to fire.
Unknown command.
You barely miss the gnoll. The gnoll hits you with a flail!
Ouch! That really hurt!
You die...

#...(.....##.........####
#.........##.........####
#.........##.........#...
#.........#####+##...#.#)
#.........# #.......
#.........# #.##.###
#.......g.# #.##.###
########g## ..##....
#s#### ### ####.
#....##### ####.
####.#...# #.... #.#.#(#
#.### #...#.#####.#
#####.......# #########


You could see 2 gnolls.

Vanquished Creatures
  A gnoll (D:2)
  2 bats (D:1)
  4 giant cockroaches (D:1)
  4 goblins (D:1)
  3 hobgoblins
  6 jackals (D:1)
  3 frilled lizards (D:1)
  4 kobolds
  4 rats (D:1)
31 creatures vanquished.

Notes
Turn   | Place    | Note
-------+----------+-------------------------------------------
     0 | D:1      | mopl the Barachi Transmuter began the quest for the Orb.
     0 | D:1      | Reached XP level 1. HP: 15/15 MP: 3/3
   314 | D:1      | Reached XP level 2. HP: 15/21 MP: 3/5
   331 | D:1      | Learned a level 2 spell: Sticks to Snakes
   766 | D:1      | Reached skill level 4 in Unarmed Combat
   766 | D:1      | Reached XP level 3. HP: 26/26 MP: 4/6
   771 | D:1      | Learned a level 3 spell: Spider Form
  1197 | D:2      | Slain by a gnoll

Vault maps used:
D:1:      lightli_arrival_statuegarden, nrook_mini_backslash, st_stairs_5
D:2:      first_ration, uniq_jessica

Skill      XL: |  1  2 |
---------------+-------+-----
Unarmed Combat | 4 |  4.2
Fighting       | |  1.2
Dodging        | |  2.1
Spellcasting   | |  2.6
Transmutations | |  2.7
Poison Magic   | |  0.5

Action                   || total
-------------------------++-------
Melee: Unarmed           ||    99
       Headbutt          ||     5
       Kick              ||    10
       Punch             ||     1
 Cast: Beastly Appendage ||    17
       Spider Form       ||     2
  Use: Scroll            ||     3
  Eat: Chunk             ||     2
Armor: Robe              ||    22
Dodge: Dodged            ||    74

Table legend:
 A = Spawn XP
 B = Non-spawn XP
 C = Spawn XP percentage of total XP
 D = Spawn monster count
 E = Non-spawn monster count
 F = Spawn count percentage of total count
 G = Total turns spent on level
                    A         B        C        D         E        F      G
               +---------+---------+-------+---------+---------+-------+---------
         Total |       0 |      62 |   0.0 |       0 |      31 |   0.0 |  1197
               +---------+---------+-------+---------+---------+-------+---------
           D:1 |       0 |      44 |   0.0 |       0 |      28 |   0.0 |  1054
           D:2 |       0 |      18 |   0.0 |       0 |       3 |   0.0 |   143
               +---------+---------+-------+---------+---------+-------+---------
